 Dungeon Crawl Stone Soup version 0.17-a0-2127-g1cb09f6 (webtiles) character file.

462 Turgor the Chopper (level 6, -7/56 HPs)
             Began as a Minotaur Fighter on Oct 22, 2015.
             Was an Initiate of Qazlal.
             Mangled by an ogre
             ... wielding a +0 giant spiked club
              (12 damage)
             ... on level 4 of the Dungeon.
             The game lasted 00:20:21 (2875 turns).

Turgor the Chopper (Minotaur Fighter)               Turns: 2875, Time: 00:20:21

Health: -7/56      AC: 11    Str: 20    XL:     6   Next: 79%
Magic:  0/5        EV:  9    Int:  7    God:    Qazlal [......]
Gold:   95         SH:  0    Dex: 10    Spells: 0 memorised, 5 levels left

rFire  . . .     SeeInvis .     a - +0 war axe
rCold  + . .     Clarity  .     t - +4 scale mail {rC+}
rNeg   . . .     SustAt   .     (no shield)
rPois  .         Gourm    .     (helmet restricted)
rElec  .         Spirit   +     (no cloak)
rCorr  .         Warding  .     (no gloves)
rMut   .         Stasis   .     (no boots)
MR     .....                    l - amulet of guardian spirit
Stlth  ..........               (no ring)
                                (no ring)

@: not resistant to hostile enchantments, extremely unstealthy
A: retaliatory headbutt, horns 2
a: Renounce Religion


You were on level 4 of the Dungeon.
You worshipped Qazlal.
Qazlal was noncommittal.
You were not hungry.

You visited 2 branches of the dungeon, and saw 5 of its levels.

You collected 95 gold pieces.

Inventory:

Hand Weapons
 a - a +0 war axe (weapon)
 c - a +0 hunting sling
 i - a +0 hand axe of chopping
 G - a +0 dagger of venom
Missiles
 h - 103 stones (quivered)
 x - 29 bolts
Armour
 t - a +4 scale mail of cold resistance (worn)
 v - a +0 leather armour of cold resistance
Jewellery
 l - an amulet of guardian spirit (around neck)
Wands
 D - a wand of confusion (23)
Scrolls
 g - a scroll of random uselessness {unknown}
 j - 3 scrolls of fear {unknown}
 k - 3 scrolls of enchant weapon {unknown}
 n - 2 scrolls of magic mapping {unknown}
 o - 2 scrolls of fog {unknown}
 u - 3 scrolls of identify {unknown}
 y - a scroll of blinking {unknown}
 C - a scroll of enchant armour {unknown}
 F - a scroll of recharging {unknown}
Potions
 d - a potion of might
 f - 2 potions of flight
 m - a potion of heal wounds
 q - a potion of degeneration {unknown}
 s - a potion of curing {unknown}
 w - a potion of poison {unknown}
 z - a potion of resistance {unknown}
 A - 2 potions of lignification {unknown}
 B - a potion of mutation {unknown}
Comestibles
 b - 2 meat rations
 e - a bread ration
 p - 4 fruits
 r - a royal jelly
 E - 4 chunks of flesh


   Skills:
 + Level 5.6 Fighting
 * Level 6.5 Axes
 + Level 5.5 Armour
   Level 3.6 Shields


You had 5 spell levels left.
You didn't know any spells.

Dungeon Overview and Level Annotations

Branches:
Dungeon (4/15)             Temple (1/1) D:4

Altars:
Ashenzari
Cheibriados
Dithmenos
Gozag
Kikubaaqudgha
Nemelex Xobeh
Okawaru
Qazlal
Ru
Sif Muna
Trog
Vehumet
Yredelemnul
Zin
The Shining One


Innate Abilities, Weirdness & Mutations

You reflexively headbutt those who attack you in melee.
You have a pair of horns on your head.


Message History

The ogre is lightly wounded.
The ogre hits you with a giant spiked club!
You slash the ogre!
You headbutt the ogre, but do no damage.
The ogre is heavily wounded.
The ogre barely misses you.
You hit the ogre but do no damage. Your headbutt misses the ogre.
The ogre is heavily wounded.
The ogre hits you with a giant spiked club!
* * * LOW HITPOINT WARNING * * *
You hit the ogre.
The ogre is heavily wounded.
The ogre hits you with a giant spiked club.
* * * LOW HITPOINT WARNING * * *
You closely miss the ogre. You headbutt the ogre.
The ogre is heavily wounded.
You hit the ogre. Your headbutt misses the ogre.
The ogre is severely wounded.
The ogre hits you with a giant spiked club!
You die...

#.. ######### #.# #≈≈≈≈≈≈≈#
#O# #≈♣...♣≈# #.#
###≈.....≈### #.#
#.÷.......'.# #.#
#.#≈.....≈#@##########.#####
#.#≈♣...♣≈#.O(((............
#.#≈≈≈≈≈≈≈#..########.######
######.############ #.#
.......###....# #.#
......#....#### #.#
.#.#..#.#### #.#
........####### #.#
.#.##.........# .##


You could see an ogre.

Vanquished Creatures
  Sigmund (D:2)
  An orc priest (D:3)
  Terence (D:2)
  An iguana (D:4)
  A worker ant (D:4)
  8 adders
  5 gnolls
  4 worms
  3 giant geckos
  5 orcs (D:3)
  9 bats
  7 hobgoblins
  A quokka (D:2)
  3 giant cockroaches
  4 giant newts
  6 goblins
  6 kobolds
  11 rats
77 creatures vanquished.

Notes
Turn   | Place    | Note
--------------------------------------------------------------
     0 | D:1      | Turgor the Minotaur Fighter began the quest for the Orb.
     0 | D:1      | Reached XP level 1. HP: 19/19 MP: 0/0
   218 | D:1      | Reached XP level 2. HP: 27/27 MP: 1/1
   283 | D:1      | Reached skill level 4 in Fighting
   848 | D:2      | Noticed Terence
   851 | D:2      | Killed Terence
   851 | D:2      | Reached XP level 3. HP: 33/33 MP: 2/2
  1039 | D:2      | Reached XP level 4. HP: 26/41 MP: 1/3
  1093 | D:2      | Noticed Sigmund
  1312 | D:3      | Found an ancient bone altar of Kikubaaqudgha.
  1501 | D:2      | Reached XP level 5. HP: 27/47 MP: 2/4
  1683 | D:2      | Killed Sigmund
  1683 | D:2      | Reached skill level 5 in Fighting
  1683 | D:2      | Reached skill level 5 in Axes
  1683 | D:2      | Reached skill level 5 in Armour
  1683 | D:2      | Reached XP level 6. HP: 54/56 MP: 5/5
  2137 | D:3      | Reached skill level 6 in Axes
  2527 | D:4      | Found a staircase to the Ecumenical Temple.
  2573 | Temple   | Entered the Ecumenical Temple
  2747 | Temple   | Became a worshipper of Qazlal Stormbringer
  2875 | D:4      | Mangled by an ogre

Vault maps used:
D:1:      dpeg_arrival_radiant
D:2:      supply_closet_lemuel, uniq_terence, uniq_sigmund
D:3:      lemuel_coloured_pillars_altar
D:4:      wad_crossroads, minmay_temple_entry_large_hall, serial_shops,
          nicolae_shop_overgrown_old_shop, minmay_misc_feat_x,
          grunt_ministairs_10, kennysheep_small_square
Temple:   minmay_temple_curvy_14

Action                   |  1- 3 |  4- 6 || total
-------------------------+-------+-------++-------
Melee: War axe           |    53 |   135 ||   188
Throw: Stone             |       |     5 ||     5
  Use: Potion            |     1 |     2 ||     3
  Eat: Chunk             |       |     6 ||     6
